 Dungeon Sprint DCSS version 0.27-a0-797-g27d10ad80f (webtiles) character file.

Game seed: 6644040719075928428

6 mhtbhm the Skirmisher (level 1, 0/23 HPs)
             Began as a Troll Fighter on Mar 27, 2021.
             Slain by a water moccasin (5 damage)
             ... in the Dungeon (Sprint IX: "|||||||||||||||||||||||||||||").
             The game lasted 00:00:09 (127 turns).

mhtbhm the Skirmisher (Troll Fighter)                Turns: 127, Time: 00:00:09

Health: 0/23       AC:  4    Str: 23    XL:     1   Next: 75%
Magic:  0/0        EV:  8    Int:  4    God:
Gold:   0          SH:  8    Dex:  9    Spells: 0/0 levels left

rFire    . . .     SeeInvis .   a - +0 flail
rCold    . . .     Faith    .   c - +0 kite shield
rNeg     . . .     Spirit   .   b - +0 robe
rPois    .         Reflect  .   (helmet restricted)
rElec    .         Harm     .   (no cloak)
rCorr    .         Rampage  .   (gloves unavailable)
Will     .....     NoTele   +   (boots unavailable)
Stlth    +.........             (no amulet)
HPRegen  1.07/turn              (no ring)
MPRegen  0.07/turn              (no ring)

@: no status effects
A: large, unfitting armour, claws 3, regeneration 1, shaggy fur 1, tough skin 1
a: no special abilities


You were in the Dungeon.
You visited 1 branch

Inventory:

Hand Weapons
 a - a +0 flail (weapon)
Armour
 b - a +0 robe (worn)
 c - a +0 kite shield (worn)
Scrolls
 j - a scroll of blinking
Potions
 d - a potion of might
 e - a potion of curing
 f - a potion of heal wounds
 g - a potion of haste
 h - 2 potions of magic
 i - a potion of berserk rage


   Skills:
 + Level 3.0 Fighting
 + Level 2.0 Maces & Flails
 + Level 3.0 Dodging
 + Level 2.9 Shields


You couldn't memorise any spells.
You didn't know any spells.
Your spell library was empty.

Dungeon Overview and Level Annotations

Branches:
Dungeon (1/1)

Altars:


Innate Abilities, Weirdness & Mutations

You are too large for most types of armour.
You have claws for hands.
Your natural rate of healing is unusually fast.
You are covered in fur. (AC +1)
You have tough skin. (AC +1)


Message History

There is an open door here.
You miss the water moccasin. The water moccasin bites you.
The water moccasin completely misses you.
You barely miss the water moccasin.
The water moccasin bites you but does no damage.
The sky beast flickers out of sight!
Deactivating autopickup; reactivate with Ctrl-A.
The water moccasin bites you.
You sock the water moccasin!
The water moccasin is moderately wounded.
The water moccasin bites you. The water moccasin barely misses you.
You miss the water moccasin.
The water moccasin is moderately wounded.
The water moccasin bites you!
The shadow imp lashes its tail.
The water moccasin bites you.
You are too injured to fight recklessly!
You are too injured to fight recklessly!
You are too injured to fight recklessly!
You are too injured to fight recklessly!
You are too injured to fight recklessly!
You are too injured to fight recklessly!
You are too injured to fight recklessly!
You are too injured to fight recklessly!
You are too injured to fight recklessly!
You are too injured to fight recklessly!
You are too injured to fight recklessly!
You are too injured to fight recklessly!
You are too injured to fight recklessly!
You barely miss the water moccasin.
The water moccasin is moderately wounded.
You block the water moccasin's attack.
The shadow imp grins evilly.
You block the water moccasin's attack.
You sock the water moccasin!
The water moccasin is severely wounded.
The water moccasin bites you!
* * * LOW HITPOINT WARNING * * *
The water moccasin bites you.
You die... ▓▓▓▓▓▓▓▓▓▓▓▓▓▓▓▓▓▓ +ZZ.5S@.....)...<▓ ▓▓▓▓▓▓▓▓▓▓▓▓▓▓▓▓▓▓

You could see a water moccasin, a shadow imp, a ball python zombie and an adder skeleton.

Vanquished Creatures
  2 endoplasms (D)
  A kobold (D)
  A quokka (D)
  A bat (D)
5 creatures vanquished.

Notes
Turn   | Place    | Note
-------+----------+-------------------------------------------
     0 | D        | mhtbhm the Troll Fighter began the quest for the Orb.
     0 | D        | Reached XP level 1. HP: 22/22 MP: 0/0
   120 | D        | Noticed a sky beast
   120 | D        | Noticed a water moccasin
   127 | D        | Slain by a water moccasin

Illustrated notes

Levels and vault maps discovered:
D:        linesprint [early_d, line_temple, items_1, d_10, items_2, lair_1,
          lair_end, items_3, orc_1, orc_end, items_4, d_15, swamp_1, shoals_1,
          snake_1, spider_1, d_20, vaults_1, items_5, swamp_end, shoals_end,
          snake_end, spider_end, vaults_end, d_27, items_6, zot_1, zot_end,
          crypt_end, forest_end, elf_end, slime_end, tomb_end, abyss_end,
          pan_hell_end]

Skill      XL: |  1 |
---------------+----+-----
Maces & Flails | 2 |  2.0
Fighting       | 3 |  3.0
Dodging        | 3 |  3.0
Shields        | |  2.9

Action                   || total
-------------------------++-------
Melee: Flail             ||    16
Armor: Robe              ||     6
Dodge: Dodged            ||     5
Block: Kite shield       ||     8

Table legend: (Time is in decaauts)
 A = Elapsed time spent in this place.
 B = Non-inter-level travel time spent in this place.
 C = Inter-level travel time spent in this place.
 D = Time resting spent in this place.
 E = Time spent auto-exploring this place.
 F = Levels seen in this place.
 G = Mean time per level.
                   A        B        C        D        E       F      G
               +--------+--------+--------+--------+--------+-----+--------+
         Total |    135 |    135 |      0 |    100 |      3 |   1 |  135.0 |
       Dungeon |    135 |    135 |      0 |    100 |      3 |   1 |  135.0 |
               +--------+--------+--------+--------+--------+-----+--------+

Top non-repeatable levels by time:
       D: 135 daAuts
